 Dungeon Crawl Stone Soup version 0.31-a0-344-gd109795599 (webtiles) character file.

Game seed: 5526800939090773726

499 derpindaisy the Poker (level 6, 0/48 HPs)
             Began as a Demonspawn Berserker on July 21, 2023.
             Was a Believer of Trog.
             Slain by Grinder (5 damage)
             ... while paralysed by Grinder
             ... on level 4 of the Dungeon.
             The game lasted 00:05:53 (2566 turns).

derpindaisy the Poker (Demonspawn Berserker)        Turns: 2566, Time: 00:05:53

Health: 0/48       AC:  6    Str: 18    XL:     6   Next: 94%
Magic:  6/6        EV:  2    Int:  8    God:    Trog [**....]
Gold:   133        SH:  0    Dex: 14    Spells: 5/5 levels left

rFire   . . .        s - +0 scythe
rCold   . . .        (shield currently unavailable)
rNeg    . . .        b - +1 animal skin
rPois   .            (helmet currently unavailable)
rElec   .            (cloak currently unavailable)
rCorr   .            (gloves currently unavailable)
SInv    .            (boots currently unavailable)
Will    .....        (no amulet)
Stlth   ++           (no ring)
HPRegen 0.28/turn    (no ring)
MPRegen 0.10/turn

%: no passive effects
@: paralysed, beast-form, on berserk cooldown, slowed
A: beast (slay +1), thin metallic scales 2, condensation shield
a: Begin Untransformation, Renounce Religion, Berserk, Trog's Hand


You were on level 4 of the Dungeon.
You worshipped Trog.
Trog was pleased with you.
You were a hulking beast.
You visited 1 branch of the dungeon, and saw 4 of its levels.

You collected 133 gold pieces.

Inventory:

Hand Weapons
 s - a +0 scythe (weapon)
Armour
 b - a +1 animal skin (worn)
Talismans
 k - a beast talisman
Scrolls
 d - a scroll of immolation {unknown}
 f - 2 scrolls of enchant weapon {unknown}
 i - a scroll of enchant armour
 j - a scroll of teleportation {unknown}
 l - a scroll of blinking {unknown}
 m - a scroll of vulnerability {unknown}
 o - a scroll of poison {unknown}
 p - a scroll of fog {unknown}
Potions
 c - a potion of degeneration {unknown}
 e - 2 potions of might
 g - a potion of heal wounds {unknown}
 h - a potion of curing {unknown}
 n - a potion of attraction {unknown}
 q - a potion of cancellation {unknown}
 r - a potion of lignification {unknown}


   Skills:
 + Level 4.0 Fighting
 + Level 4.8 Polearms
 + Level 1.9 Armour
 + Level 2.6 Dodging
 + Level 1.7 Stealth
 + Level 1.3 Shields
 + Level 2.3 Shapeshifting


You had 5 spell levels left.
You didn't know any spells.
Your spell library was empty.

Dungeon Overview and Level Annotations

Branches:
Dungeon (4/15)
 Temple: D:4-7

Altars:
Kikubaaqudgha

Shops:
D:2 [

Annotations:
D:4 Grinder


Innate Abilities, Weirdness & Mutations

You are a hulking beast.
Your limbs bulge with bestial killing power. (Slay +1)
You are mostly covered in thin metallic scales. (AC +3)
A meltable shield of frost defends you. (SH +4)


Message History

Grinder is severely wounded.
Grinder says, "Mostly I couldn't keep them alive."
Grinder closely misses you.
You closely miss Grinder.
Grinder is severely wounded.
Grinder gestures at you. Pain shoots through your body! Grinder misses you.
You hit Grinder but do no damage.
Grinder is severely wounded.
Grinder blinks!
Grinder gestures at you. You resist with significant effort.
Grinder gestures at you.
You barely resist. You hit Grinder but do no damage.
Grinder is severely wounded.
Grinder hits you.
You writhe in agony.
An orc warrior comes into view. It is wielding a +0 war axe.
Grinder gestures at you. Pain shoots through your body!
The orc warrior shouts!
You slash Grinder!
Grinder is severely wounded.
You hear a shout!
Grinder hits you.
You writhe in agony.
Grinder says, "Just stop there for a second..."
Grinder hits you.
You writhe in agony.
* * * LOW HITPOINT WARNING * * *
An orc comes into view. It is wielding a +0 short sword.
You are too injured to fight recklessly!
You are too injured to fight recklessly!
Okay, then.
Grinder says, "Tell me all your secrets, or I'll kill you."
Grinder misses you. Grinder gestures at you.
You suddenly lose the ability to move!
Grinder hits you.
* * * LOW HITPOINT WARNING * * *
You writhe in agony.
You die...

############
#..........#
#..........#
#..........#
#..........#
#.........>#
#......5h..#
##..........#
......o.....#
......#.#....# #.#
...o..#.####... ##.#.#.
........)..####..#.....
...<...†##.# ###...#.#
##.###...#.# #.......#
#. ##....###.......#


You could see Grinder, an orc warrior and an orc.

Vanquished Creatures
  Sigmund (D:3)
  Pargi (D:3)
  A phantom (D:4)
  A hound (D:4)
  Jessica (D:3)
  4 adders
  4 worms
  6 dart slugs
  2 orcs (D:4)
  5 ball pythons
  4 bats
  7 endoplasms
  A giant cockroach (D:2)
  5 goblins
  5 hobgoblins
  3 jackals (D:3)
  3 quokkas (D:1)
  A frilled lizard (D:3)
  5 kobolds
  4 rats
64 creatures vanquished.

Notes
Turn   | Place    | Note
-------+----------+-------------------------------------------
     0 | D:1      | derpindaisy the Demonspawn Berserker began the quest for
                  | the Orb.
     0 | D:1      | Reached XP level 1. HP: 18/18 MP: 1/1
   114 | D:1      | Found a faded altar of an unknown god.
   240 | D:1      | Gained mutation: You are partially covered in thin metallic
                  | scales. (AC +2) [demonic ancestry]
   240 | D:1      | Reached XP level 2. HP: 24/24 MP: 2/2
   986 | D:2      | Found Howutiu's Armour Boutique.
  1040 | D:2      | Gained mutation: A meltable shield of frost defends you.
                  | (SH +4) [demonic ancestry]
  1040 | D:2      | Reached XP level 3. HP: 29/29 MP: 3/3
  1185 | D:2      | Reached ** piety under Trog
  1492 | D:2      | Reached XP level 4. HP: 35/35 MP: 4/4
  1883 | D:3      | Noticed Jessica
  1890 | D:3      | Killed Jessica
  1891 | D:3      | Reached skill level 1 in Shapeshifting
  1966 | D:3      | Reached skill level 1 in Stealth
  2042 | D:3      | Noticed Pargi
  2054 | D:3      | Killed Pargi
  2055 | D:3      | Reached skill level 1 in Shields
  2055 | D:3      | Reached XP level 5. HP: 42/42 MP: 5/5
  2182 | D:3      | Noticed Sigmund
  2194 | D:3      | Killed Sigmund
  2195 | D:3      | Gained mutation: You are mostly covered in thin metallic
                  | scales. (AC +3) [demonic ancestry]
  2195 | D:3      | Reached XP level 6. HP: 48/48 MP: 6/6
  2279 | D:3      | Found an ancient bone altar of Kikubaaqudgha.
  2526 | D:4      | Noticed Grinder
  2528 | D:4      | Paralysed by Grinder for 5 turns
  2562 | D:4      | Noticed an orc warrior
  2565 | D:4      | Paralysed by Grinder for 5 turns
  2566 | D:4      | Slain by Grinder

Illustrated notes

Levels and vault maps discovered:
D:1:      kennysheep_arrival_seaside, layout_basic,
          hellmonk_ecumenical_altar_crossroads
D:2:      layout_loops_cross, serial_shops, shop
D:3:      layout_rooms, lemuel_round_altar, uniq_sigmund, uniq_pargi,
          uniq_jessica
D:4:      layout_rooms, grunt_ministairs_1, uniq_grinder

Skill      XL: |  1  2  3  4  5  6 |
---------------+-------------------+-----
Polearms       | 3 4 |  4.8
Dodging        | 2 |  2.6
Shapeshifting  | 1 2 |  2.3
Stealth        | 1 |  1.7
Shields        | 1 |  1.3
Fighting       | 4 |  4.0
Armour         | |  1.9

Action                     |  1- 3 |  4- 6 || total
---------------------------+-------+-------++-------
  Melee: Spear             |   149 |    89 ||   238
         Punch             |     1 |     1 ||     2
         Halberd           |       |    48 ||    48
 Invoke: Berserk           |       |     3 ||     3
    Use: Scroll            |     2 |       ||     2
   Stab: Sleeping          |     4 |     3 ||     7
         Distracted        |     1 |       ||     1
 Armour: Animal skin       |    15 |    39 ||    54
  Dodge: Dodged            |    52 |    66 ||   118
  Block: Other             |    13 |    24 ||    37
   Form: Beast             |     1 |       ||     1

Table legend: (Time is in decaauts)
 A = Elapsed time spent in this place.
 B = Non-inter-level travel time spent in this place.
 C = Inter-level travel time spent in this place.
 D = Time resting spent in this place.
 E = Time spent auto-exploring this place.
 F = Levels seen in this place.
 G = Mean time per level.
                   A        B        C        D        E       F      G
               +--------+--------+--------+--------+--------+-----+--------+
         Total |   2581 |   2462 |    119 |    471 |   1453 |   4 |  645.2 |
       Dungeon |   2581 |   2462 |    119 |    471 |   1453 |   4 |  645.2 |
               +--------+--------+--------+--------+--------+-----+--------+

Top non-repeatable levels by time:
     D:1: 892 daAuts
     D:2: 759 daAuts
     D:3: 669 daAuts
     D:4: 259 daAuts
